 Dungeon Crawl Stone Soup version 0.28-a0-1435-g82390b3a13 (webtiles) character file.

Game seed: 3799235303164084711

1183 ytrimaz the Insei (level 8, 0/61 (63) HPs)
             Began as an Octopode Transmuter on Jan 9, 2022.
             Slain by a wight (14 damage)
             ... on level 6 of the Dungeon.
             The game lasted 00:09:18 (8551 turns).

ytrimaz the Insei (Octopode Transmuter)             Turns: 8551, Time: 00:09:18

HP:   0/61 (63)     AC:  6    Str:  9    XL:     8   Next: 42%
MP:   10/14         EV: 11    Int: 18    God:
Gold: 145           SH:  0    Dex: 12    Spells: 6/16 levels left

rFire   x . .      SeeInvis .     - Unarmed
rCold   + + +      Faith    .   (shield currently unavailable)
rNeg    . . .      Spirit   .   (helmet currently unavailable)
rPois   +          Reflect  .   (no amulet)
rElec   .          Harm     .   (no ring)
rCorr   .          Rampage  .   (no ring)
Will    .....                   (no ring)
Stlth   ++........              (no ring)
HPRegen 0.20/turn               (no ring)
MPRegen 0.14/turn               (no ring)
                                (no ring)
                                (no ring)

@: ice-form, wereblooded, lightly drained
A: freezing attack, boosted hp, almost no armour, amphibious, 8 rings, large,
(camouflage 1), (gelatinous body 1), (nimble swimmer 1), (tentacles)
a: End Transformation


You were on level 6 of the Dungeon.
You were a creature of crystalline ice.
You visited 1 branch of the dungeon, and saw 6 of its levels.
You also visited: Sewer.

You collected 145 gold pieces.

Inventory:

Missiles
 i - a throwing net
Wands
 g - a wand of charming (8)
 r - a wand of paralysis (5)
 u - a wand of polymorph (1)
Scrolls
 a - a scroll of amnesia
 d - 2 scrolls of blinking
 h - a scroll of fear
 j - a scroll of acquirement
 l - 2 scrolls of magic mapping
 m - 2 scrolls of fog
 s - a scroll of vulnerability {unknown}
 t - a scroll of brand weapon {unknown}
 v - a scroll of teleportation {unknown}
Potions
 b - a potion of lignification
 c - 4 potions of heal wounds
 e - a potion of mutation
 f - a potion of might {unknown}
 k - 2 potions of haste
 n - a potion of invisibility
 o - a potion of magic
 p - a potion of resistance {unknown}
 q - a potion of brilliance {unknown}


   Skills:
 * Level 3.6 Fighting
 * Level 4.0 Dodging
 + Level 1.5 Stealth
 + Level 5.4 Unarmed Combat
 * Level 4.5 Spellcasting
 * Level 4.4 Transmutations
 * Level 3.1 Poison Magic
 + Level 0.6 Evocations


You had 6 spell levels left.
You knew the following spells:

 Your Spells              Type           Power      Damage    Failure   Level
a - Beastly Appendage     Tmut           40%        N/A       2%          1
b - Wereblood             Tmut           20%        N/A       3%          2
c - Spider Form           Tmut/Pois      17%        N/A       9%          3
d - Ice Form              Ice/Tmut       12%        N/A       50%         4

Your spell library contained the following spells:

 Spells                   Type           Power      Damage    Failure   Level
 Poisonous Vapours        Pois/Air       18%        N/A       11%         2
 Corpse Rot               Necr/Air       8%         N/A       22%         2
 Borgnjor's Revivificati  Necr           2%         N/A       100%        8
 Necromutation            Tmut/Necr      6%         N/A       100%        8
 Death's Door             Necr           2%         N/A       100%        9


Dungeon Overview and Level Annotations

Branches:
Dungeon (6/15)              Sewer (visited)
 Temple: D:4-7

Altars:
Makhleb
Okawaru
Ru
Sif Muna
Trog
Xom
Zin

Annotations:
D:4 exclusion: 3 killer bees
D:5 exclusion: 3 killer bees


Innate Abilities, Weirdness & Mutations

You are a creature of crystalline ice.
You have a powerful freezing melee attack.
Your maximum health is increased.
Your armour is entirely melded.
You are incapable of wielding weapons or throwing items.
You cannot wear most types of armour.
You are amphibious.
You can wear up to eight rings at the same time.
((Your skin changes colour to match your surroundings (Stealth+).))
((Your rubbery body absorbs attacks. (AC +1, EV +1)))
((You are camouflaged when in or above water. (Stealth+)))
((You have tentacles for arms and can constrict up to eight enemies at once.))


Message History

You punch the wight!
You feel a bit better.
You destroy the wight!
Your Dodging skill increases to level 4!
Things that are here:
a +3 dagger of freezing; a +0 robe You punch the wight!
You freeze the wight.
The wight is almost destroyed.
The wight hits you with a +0 long sword!
You hit the wight but do no damage.
The wight is almost destroyed.
The wight closely misses you.
You hit the wight.
You feel a bit better.
You destroy the wight!
You barely miss the wight. You hit the wight.
The wight is lightly damaged.
The wight hits you with a +5 great sword of freezing!!
You feel drained. The wight freezes you.
You barely miss the wight.
The wight is lightly damaged.
The wight closely misses you.
You completely miss the wight.
The wight is lightly damaged.
The wight hits you with a +5 great sword of freezing!
* * * LOW HITPOINT WARNING * * *
You barely miss the wight.
The wight is lightly damaged.
The wight closely misses you.
Unknown command.
You hit the wight.
The wight is heavily damaged.
You howl as the wereblood boils in your veins!
A wight comes into view. It is wielding a +0 spear.
The wight closely misses you.
You hit the wight but do no damage.
The wight is heavily damaged.
You howl as the wereblood boils in your veins!
A wight comes into view. It is wielding a +0 hand axe.
The wight hits you with a +5 great sword of freezing!
You die...

# ..... #.# #.......#.#
#.......#.# #..._...#.#
#.......# #.......# # #
## z.#.####### ....
.z....zY..# #..#
#########.# ..## ##+#
#.# ### ##...##
###.#### # ##.....##
#......# # ##.......##
#...##.#
###.........####...##.#
..+.........'.......#.#
###.........####......#


You could see 3 wights.

Vanquished Creatures
  A sky beast (D:5)
  An ogre (D:5)
  A phantom (D:5)
  A kobold brigand (Sewer)
  A gnoll sergeant (D:5)
  A scorpion (D:4)
  A water moccasin zombie (D:5)
  2 wights (D:6)
  A jelly (D:5)
  4 crimson imps (D:4)
  A bullfrog zombie (D:3)
  2 hounds (D:4)
  2 centaur skeletons (D:5)
  2 iguanas (D:5)
  A hound skeleton (D:4)
  3 gnolls
  6 adders
  3 white imps
  An adder skeleton (D:5)
  A worm (D:2)
  2 dart slugs
  6 orcs
  11 ball pythons
  7 bats
  4 endoplasms
  4 giant cockroaches
  11 goblins
  11 hobgoblins
  2 jackals (D:1)
  5 quokkas
  2 frilled lizards
  20 kobolds
  6 rats
127 creatures vanquished.

Vanquished Creatures (collateral kills)
  A kobold (Sewer)
1 creature vanquished.

Vanquished Creatures (others)
  A kobold brigand (Sewer)
  3 plants
4 creatures vanquished.

Grand Total: 132 creatures vanquished

Notes
Turn   | Place    | Note
-------+----------+-------------------------------------------
     0 | D:1      | ytrimaz the Octopode Transmuter began the quest for the
                  | Orb.
     0 | D:1      | Reached XP level 1. HP: 13/13 MP: 3/3
   428 | D:1      | Reached XP level 2. HP: 13/18 MP: 3/5
  1264 | D:1      | Reached XP level 3. HP: 15/23 MP: 4/6
  1267 | D:1      | Learned a level 2 spell: Wereblood
  1271 | D:1      | Learned a level 3 spell: Spider Form
  1628 | D:2      | Found a shimmering blue altar of Sif Muna.
  2070 | D:2      | Reached XP level 4. HP: 26/29 MP: 3/7
  2393 | D:2      | Found a faded altar of an unknown god.
  3113 | D:3      | Reached XP level 5. HP: 14/34 MP: 7/9
  3183 | D:3      | Found a glowing drain.
  3196 | Sewer    | Entered a sewer
  3598 | Sewer    | Noticed a kobold brigand
  3598 | Sewer    | Noticed a kobold brigand
  3639 | Sewer    | Killed a kobold brigand
  3936 | Sewer    | Reached skill level 1 in Poison Magic
  4000 | Sewer    | Learned a level 4 spell: Ice Form
  4796 | D:4      | Found a bloodstained altar of Trog.
  4821 | D:4      | Reached XP level 6. HP: 26/41 MP: 6/10
  4946 | D:4      | Reached skill level 4 in Unarmed Combat
  5448 | D:4      | Found a shimmering altar of Xom.
  5632 | D:4      | Reached XP level 7. HP: 45/45 MP: 7/12
  5635 | D:4      | Identified the +8 dagger of Dumosmog {freeze, rElec rN+
                  | Will+}
  5822 | D:4      | Found a sacrificial altar of Ru.
  6205 | D:5      | Entered Level 5 of the Dungeon
  6550 | D:5      | Found a burning altar of Makhleb.
  6734 | D:5      | Found an iron altar of Okawaru.
  6791 | D:5      | Reached skill level 1 in Stealth
  6922 | D:5      | Reached XP level 8. HP: 38/52 MP: 11/14
  7015 | D:5      | Reached skill level 5 in Unarmed Combat
  8237 | D:6      | Identified a scroll of acquirement
  8438 | D:6      | Found a glowing silver altar of Zin.
  8551 | D:6      | Slain by a wight

Illustrated notes

Levels and vault maps discovered:
D:1:      matt_arrival_grand_opening, layout_basic
D:2:      minmay_general_purpose_star, layout_rooms, basic_altar,
          hellmonk_ecumenical_altar_inner_sanctum
D:3:      layout_loops_corners, cheibrodos_sewer_entry_drain
D:4:      layout_loops_ring, lemuel_crystal_altar, led_xom_imps,
          lemuel_crystal_altar, minmay_unequal
D:5:      layout_basic, kennysheep_okawaru_gauntlet,
          mainiacjoe_overflow_boulevard
D:6:      layout_loops_corners, lemuel_tele_altar

Skill      XL: |  1  2  3  4  5  6  7  8 |
---------------+-------------------------+-----
Fighting       | 2 3 |  3.6
Transmutations | 3 4 |  4.4
Spellcasting   | 3 4 |  4.5
Poison Magic   | 1 2 3 |  3.1
Unarmed Combat | 4 5 |  5.4
Dodging        | 3 4 |  4.0
Stealth        | 1 |  1.5
Evocations     | |  0.6

Action                   |  1- 3 |  4- 6 |  7- 9 || total
-------------------------+-------+-------+-------++-------
Melee: Unarmed           |    69 |   166 |   119 ||   354
       Constrict         |    24 |    40 |    11 ||    75
       Tentacles         |    15 |    29 |    13 ||    57
       Kick              |    16 |    17 |    11 ||    44
       Punch             |     1 |     5 |     3 ||     9
 Cast: Beastly Appendage |    21 |    18 |     8 ||    47
       Wereblood         |     1 |     1 |     3 ||     5
       Spider Form       |     1 |     5 |     9 ||    15
       Ice Form          |       |       |     1 ||     1
Evoke: Wand              |       |     4 |       ||     4
  Use: Scroll            |     5 |     9 |     2 ||    16
       Potion            |       |     1 |     2 ||     3
 Stab: Sleeping          |     4 |     7 |     3 ||    14
Armor: Skin              |     6 |     5 |     2 ||    13
Dodge: Dodged            |    51 |   111 |    72 ||   234

Table legend: (Time is in decaauts)
 A = Elapsed time spent in this place.
 B = Non-inter-level travel time spent in this place.
 C = Inter-level travel time spent in this place.
 D = Time resting spent in this place.
 E = Time spent auto-exploring this place.
 F = Levels seen in this place.
 G = Mean time per level.
                   A        B        C        D        E       F      G
               +--------+--------+--------+--------+--------+-----+--------+
         Total |   8529 |   8317 |    212 |   1519 |   5447 |   7 | 1218.4 |
       Dungeon |   7402 |   7190 |    212 |    954 |   5067 |   6 | 1233.7 |
         Sewer |   1126 |   1126 |      0 |    565 |    380 |   1 | 1126.0 |
               +--------+--------+--------+--------+--------+-----+--------+

Top non-repeatable levels by time:
     D:4: 2024 daAuts
     D:5: 1402 daAuts
     D:1: 1396 daAuts
     D:2: 1142 daAuts
   Sewer: 1126 daAuts
     D:3: 1121 daAuts
     D:6: 315 daAuts
